[ AOE2 MATCH · #480584159 ]
UnrankedKoreans vs Incas
[ REPLAY ANALYSIS · EXTRACTED FROM THE RECORDED GAME ]
Feudal
15:58
Castle
27:51
Imperial
43:50
| APM avg | 34.0 |
| APM peak | 66 |
| eAPM avg | 16.5 |
| Villagers / military | 95 / 69 |
Focus
⚔️ 21.1% · 🌾 78.9%
Knight ×61 · Scout Cavalry ×5 · Monk ×3
Feudal
18:31
Castle
40:13
Imperial
—
| APM avg | 7.0 |
| APM peak | 23 |
| eAPM avg | 4.9 |
| Villagers / military | 47 / 49 |
Focus
⚔️ 41.9% · 🌾 58.1%
Spearman ×24 · Archer ×16 · Unknown (2550) ×10 · Skirmisher ×9
Feudal
14:21
Castle
18:41
Imperial
39:30
| APM avg | 30.1 |
| APM peak | 164 |
| eAPM avg | 10.7 |
| Villagers / military | 125 / 189 |
Focus
⚔️ 30.8% · 🌾 69.2%
Archer ×112 · Spearman ×70 · Iron Pagoda ×6 · Monk ×1
Feudal
16:50
Castle
22:52
Imperial
39:26
| APM avg | 14.0 |
| APM peak | 31 |
| eAPM avg | 10.0 |
| Villagers / military | 90 / 76 |
Focus
⚔️ 29.1% · 🌾 70.9%
Konnik ×54 · Trade Cart ×14 · Cavalry Archer ×12 · Fishing Ship ×7 · Trebuchet (Packed) ×5 · Monk ×3
Feudal
17:30
Castle
25:21
Imperial
43:05
| APM avg | 17.9 |
| APM peak | 42 |
| eAPM avg | 10.9 |
| Villagers / military | 106 / 96 |
Focus
⚔️ 27.8% · 🌾 72.2%
Knight ×77 · Throwing Axeman ×11 · Scout Cavalry ×8
Feudal
17:26
Castle
41:06
Imperial
—
| APM avg | 13.8 |
| APM peak | 64 |
| eAPM avg | 7.3 |
| Villagers / military | 65 / 37 |
Focus
⚔️ 24.2% · 🌾 75.8%
Militia ×14 · Spearman ×12 · Trade Cart ×11 · Archer ×6 · Skirmisher ×5
Feudal
—
Castle
—
Imperial
—
| APM avg | 2.4 |
| APM peak | 23 |
| eAPM avg | 0.7 |
| Villagers / military | 10 / 0 |
Focus
⚔️ 0.0% · 🌾 100.0%
Feudal
15:43
Castle
22:38
Imperial
41:15
| APM avg | 33.4 |
| APM peak | 57 |
| eAPM avg | 16.6 |
| Villagers / military | 92 / 115 |
Focus
⚔️ 25.6% · 🌾 74.4%
Steppe Lancer ×51 · Camel Scout ×49 · Scout Cavalry ×7 · Mangudai ×5 · Knight ×3
Match map
Initial resources + every placement click. Lines = walls · curves = elevation contours. ◆ gold · ⬟ stone · ● berries · ✦ relic · ◌ wall gap
Your base· Open — unwalled flank
notorious_cookie's base· Open — unwalled flank
chaos02's base· Open — 6t gap
eber95.nc's base· Open — unwalled flank
Franghis Khan's base· Open — unwalled flank
juliangviccon's base· Open — unwalled flank
Chakal09's base· Open — 10t gap
elvason12's base· Open — 10t gap
Smoothed initial terrain · ◌ = detected wall gap · hover for details
Inputs per minute
— JamesBoxbox - - notorious_cookie
Build order — JamesBoxbox
First 150 of 271 actions detected
| 3:38 | Build | Town Center |
| 4:37 | Build | House |
| 4:39 | Build | House |
| 5:40 | Create | Villager (Male) |
| 5:40 | Create | Villager (Male) |
| 5:53 | Create | Villager (Male) |
| 6:09 | Create | Villager (Male) |
| 6:09 | Create | Villager (Male) |
| 7:02 | Create | Villager (Male) |
| 7:57 | Create | Villager (Male) |
| 7:58 | Create | Villager (Male) |
| 8:10 | Build | Mill |
| 8:48 | Create | Villager (Male) |
| 8:53 | Create | Villager (Male) |
| 9:14 | Create | Villager (Male) |
| 9:57 | Create | Villager (Male) |
| 10:11 | Build | House |
| 10:13 | Build | House |
| 10:17 | Create | Villager (Male) |
| 10:18 | Create | Villager (Male) |
| 10:55 | Create | Villager (Male) |
| 11:18 | Research | Loom |
| 12:04 | Create | Villager (Male) |
| 12:16 | Create | Villager (Male) |
| 13:04 | Build | Lumber Camp |
| 13:09 | Build | Barracks |
| 13:16 | Build | House |
| 13:17 | Build | House |
| 13:23 | Create | Villager (Male) |
| 13:32 | Research | Feudal Age |
| 14:21 | Build | House |
| 14:22 | Build | House |
| 14:25 | Create | Villager (Male) |
| 14:25 | Create | Villager (Male) |
| 14:26 | Create | Villager (Male) |
| 14:26 | Create | Villager (Male) |
| 15:58 | Age | Feudal Age |
| 16:01 | Build | Stable |
| 16:18 | Build | Blacksmith |
| 16:25 | Create | Villager (Male) |
| 16:25 | Create | Villager (Male) |
| 16:34 | Build | House |
| 16:36 | Build | House |
| 16:38 | Build | House |
| 16:42 | Create | Scout Cavalry |
| 16:42 | Create | Scout Cavalry |
| 16:42 | Create | Scout Cavalry |
| 17:16 | Create | Scout Cavalry |
| 17:33 | Build | Mill |
| 18:05 | Build | Market |
| 18:25 | Build | House |
| 18:26 | Build | House |
| 18:27 | Build | House |
| 18:29 | Build | House |
| 18:33 | Build | Palisade Wall |
| 18:42 | Build | Mill |
| 18:54 | Create | Villager (Male) |
| 18:54 | Create | Villager (Male) |
| 18:54 | Create | Villager (Male) |
| 19:02 | Research | Horse Collar |
| 20:12 | Create | Villager (Male) |
| 20:12 | Create | Villager (Male) |
| 20:17 | Build | Mining Camp |
| 21:20 | Create | Villager (Male) |
| 21:20 | Create | Villager (Male) |
| 21:20 | Create | Villager (Male) |
| 21:25 | Build | Farm |
| 21:25 | Build | Farm |
| 21:26 | Build | Farm |
| 21:26 | Build | Farm |
| 21:26 | Build | Farm |
| 21:26 | Build | Farm |
| 21:27 | Build | Farm |
| 21:54 | Create | Villager (Male) |
| 21:54 | Create | Villager (Male) |
| 21:57 | Build | Farm |
| 21:58 | Build | Farm |
| 21:58 | Build | Farm |
| 22:38 | Create | Villager (Male) |
| 23:03 | Create | Villager (Male) |
| 23:09 | Build | Mill |
| 23:22 | Build | Mining Camp |
| 23:38 | Build | Farm |
| 23:39 | Build | Farm |
| 23:39 | Build | Farm |
| 23:39 | Build | Farm |
| 24:21 | Create | Villager (Male) |
| 24:21 | Create | Villager (Male) |
| 24:56 | Research | Castle Age |
| 24:57 | Research | Castle Age |
| 25:23 | Build | Stable |
| 25:27 | Build | Gate |
| 25:37 | Research | Scale Barding Armor |
| 25:38 | Research | Forging |
| 26:12 | Build | Farm |
| 26:22 | Create | Villager (Male) |
| 27:12 | Research | Gold Mining |
| 27:15 | Create | Villager (Male) |
| 27:15 | Create | Villager (Male) |
| 27:15 | Create | Villager (Male) |
| 27:51 | Age | Castle Age |
| 27:52 | Build | Farm |
| 28:01 | Create | Knight |
| 28:02 | Create | Knight |
| 28:02 | Create | Knight |
| 28:03 | Create | Knight |
| 28:08 | Create | Villager (Male) |
| 28:19 | Build | Mining Camp |
| 28:52 | Create | Knight |
| 29:01 | Build | House |
| 29:02 | Build | House |
| 29:04 | Build | House |
| 29:05 | Build | House |
| 29:24 | Create | Villager (Male) |
| 29:25 | Create | Villager (Male) |
| 30:02 | Build | Castle |
| 30:07 | Build | Mining Camp |
| 30:11 | Create | Knight |
| 30:11 | Create | Knight |
| 30:20 | Create | Knight |
| 30:27 | Create | Villager (Male) |
| 30:28 | Create | Villager (Male) |
| 30:51 | Create | Knight |
| 31:23 | Create | Knight |
| 31:23 | Create | Knight |
| 31:30 | Create | Villager (Male) |
| 31:30 | Create | Villager (Male) |
| 31:42 | Build | Farm |
| 31:47 | Build | House |
| 31:52 | Create | Villager (Male) |
| 31:52 | Create | Villager (Male) |
| 32:39 | Create | Knight |
| 32:39 | Create | Knight |
| 32:40 | Create | Knight |
| 32:43 | Create | Knight |
| 32:43 | Create | Knight |
| 33:20 | Build | Town Center |
| 33:43 | Create | Knight |
| 33:43 | Create | Knight |
| 33:44 | Create | Knight |
| 33:44 | Create | Knight |
| 33:50 | Research | Chain Barding Armor |
| 35:05 | Create | Villager (Male) |
| 35:05 | Create | Villager (Male) |
| 35:06 | Create | Villager (Male) |
| 35:11 | Build | Lumber Camp |
| 35:21 | Create | Knight |
| 35:21 | Create | Knight |
| 35:21 | Create | Knight |
| 35:22 | Create | Knight |
Build order — notorious_cookie
First 150 of 151 actions detected
| 2:05 | Build | Town Center |
| 4:39 | Build | Settlement |
| 4:43 | Create | Villager (Male) |
| 5:18 | Create | Villager (Male) |
| 5:22 | Create | Villager (Male) |
| 6:07 | Create | Villager (Male) |
| 6:34 | Create | Villager (Male) |
| 7:53 | Create | Villager (Male) |
| 8:08 | Build | Settlement |
| 8:17 | Create | Villager (Male) |
| 8:52 | Create | Villager (Male) |
| 10:05 | Create | Villager (Male) |
| 10:29 | Build | Farm |
| 10:45 | Create | Villager (Male) |
| 11:04 | Create | Villager (Male) |
| 11:33 | Create | Villager (Male) |
| 12:17 | Create | Villager (Male) |
| 12:27 | Build | Farm |
| 12:31 | Create | Villager (Male) |
| 12:55 | Build | Barracks |
| 13:08 | Create | Villager (Male) |
| 13:09 | Create | Villager (Male) |
| 13:50 | Create | Villager (Male) |
| 14:01 | Create | Unit 2550 |
| 14:23 | Create | Villager (Male) |
| 14:24 | Create | Villager (Male) |
| 15:06 | Build | Settlement |
| 15:15 | Create | Villager (Male) |
| 15:24 | Build | House |
| 15:30 | Create | Unit 2550 |
| 15:59 | Build | Farm |
| 16:07 | Create | Unit 2550 |
| 16:10 | Create | Villager (Male) |
| 16:10 | Create | Villager (Male) |
| 16:21 | Research | Feudal Age |
| 16:57 | Create | Unit 2550 |
| 17:36 | Create | Unit 2550 |
| 18:31 | Age | Feudal Age |
| 18:38 | Research | Tech 1402 |
| 18:39 | Create | Unit 2550 |
| 18:45 | Create | Villager (Male) |
| 18:46 | Create | Villager (Male) |
| 18:46 | Create | Villager (Male) |
| 19:05 | Build | Blacksmith |
| 19:37 | Create | Unit 2550 |
| 19:47 | Create | Villager (Male) |
| 20:30 | Create | Spearman |
| 20:52 | Research | Padded Archer Armor |
| 20:56 | Create | Spearman |
| 21:22 | Create | Spearman |
| 21:22 | Create | Spearman |
| 21:31 | Create | Villager (Male) |
| 21:43 | Build | Farm |
| 22:31 | Create | Unit 2550 |
| 23:02 | Build | Farm |
| 23:09 | Build | Farm |
| 23:34 | Build | Farm |
| 23:37 | Create | Villager (Male) |
| 23:37 | Create | Villager (Male) |
| 23:37 | Create | Villager (Male) |
| 23:37 | Create | Villager (Male) |
| 24:04 | Create | Spearman |
| 24:04 | Create | Spearman |
| 24:05 | Create | Spearman |
| 24:37 | Build | Farm |
| 24:46 | Build | Farm |
| 25:29 | Create | Villager (Male) |
| 25:29 | Create | Villager (Male) |
| 25:30 | Create | Villager (Male) |
| 25:41 | Research | Double-Bit Axe |
| 25:50 | Create | Spearman |
| 26:06 | Build | House |
| 26:28 | Build | House |
| 26:44 | Build | Settlement |
| 27:13 | Create | Villager (Male) |
| 27:17 | Create | Spearman |
| 27:18 | Create | Spearman |
| 27:54 | Build | Stone Wall |
| 28:47 | Create | Spearman |
| 29:14 | Create | Spearman |
| 29:14 | Create | Spearman |
| 29:21 | Create | Villager (Male) |
| 29:21 | Create | Villager (Male) |
| 29:21 | Create | Villager (Male) |
| 29:21 | Create | Villager (Male) |
| 30:12 | Build | Stone Wall |
| 30:28 | Build | Stone Wall |
| 31:46 | Create | Spearman |
| 31:46 | Create | Spearman |
| 31:47 | Create | Spearman |
| 31:47 | Create | Spearman |
| 31:51 | Research | Scale Mail Armor |
| 32:54 | Build | Watch Tower |
| 33:46 | Build | Palisade Wall |
| 34:02 | Create | Spearman |
| 34:02 | Create | Spearman |
| 34:02 | Create | Spearman |
| 34:10 | Create | Villager (Male) |
| 34:11 | Create | Villager (Male) |
| 34:11 | Create | Villager (Male) |
| 34:11 | Create | Villager (Male) |
| 34:12 | Create | Villager (Male) |
| 34:12 | Create | Villager (Male) |
| 34:28 | Build | Farm |
| 34:34 | Build | Farm |
| 34:37 | Build | Farm |
| 34:38 | Build | Farm |
| 34:40 | Build | Farm |
| 34:42 | Build | Farm |
| 34:47 | Build | Farm |
| 35:11 | Build | Archery Range |
| 35:18 | Build | Archery Range |
| 36:24 | Create | Spearman |
| 36:24 | Create | Spearman |
| 36:24 | Create | Spearman |
| 36:25 | Create | Spearman |
| 36:30 | Create | Archer |
| 36:31 | Create | Archer |
| 36:31 | Create | Archer |
| 36:31 | Create | Archer |
| 36:31 | Create | Archer |
| 37:25 | Create | Skirmisher |
| 37:25 | Create | Skirmisher |
| 37:28 | Create | Skirmisher |
| 37:28 | Create | Skirmisher |
| 37:33 | Research | Castle Age |
| 38:19 | Create | Unit 2550 |
| 39:07 | Create | Unit 2550 |
| 39:19 | Create | Archer |
| 40:03 | Create | Archer |
| 40:03 | Create | Archer |
| 40:13 | Age | Castle Age |
| 40:21 | Build | Watch Tower |
| 40:58 | Create | Archer |
| 40:59 | Create | Archer |
| 40:59 | Create | Archer |
| 41:19 | Create | Skirmisher |
| 41:31 | Create | Villager (Male) |
| 41:32 | Create | Villager (Male) |
| 44:20 | Build | Stone Wall |
| 44:42 | Build | House |
| 46:07 | Create | Archer |
| 46:08 | Create | Skirmisher |
| 46:08 | Create | Skirmisher |
| 46:09 | Create | Skirmisher |
| 46:09 | Create | Skirmisher |
| 46:34 | Build | Watch Tower |
| 46:45 | Create | Archer |
| 46:45 | Create | Archer |
| 47:49 | Create | Archer |
Build order — chaos02
First 150 of 368 actions detected
| 0:19 | Build | Town Center |
| 0:49 | Build | House |
| 3:00 | Research | Loom |
| 3:25 | Create | Villager (Male) |
| 3:45 | Create | Villager (Male) |
| 4:06 | Create | Villager (Male) |
| 4:34 | Create | Villager (Male) |
| 4:57 | Create | Villager (Male) |
| 5:04 | Create | Villager (Male) |
| 5:19 | Build | Lumber Camp |
| 5:32 | Create | Villager (Male) |
| 5:45 | Create | Villager (Male) |
| 6:01 | Create | Villager (Male) |
| 6:24 | Create | Villager (Male) |
| 6:38 | Build | House |
| 6:40 | Build | House |
| 6:52 | Create | Villager (Male) |
| 7:23 | Create | Villager (Male) |
| 7:38 | Create | Villager (Male) |
| 7:39 | Create | Villager (Male) |
| 8:07 | Create | Villager (Male) |
| 8:09 | Create | Villager (Male) |
| 8:25 | Build | Mill |
| 8:36 | Create | Villager (Male) |
| 9:02 | Create | Villager (Male) |
| 9:52 | Build | House |
| 9:54 | Build | House |
| 10:11 | Create | Villager (Male) |
| 10:35 | Create | Villager (Male) |
| 10:58 | Build | Lumber Camp |
| 11:26 | Create | Villager (Male) |
| 11:59 | Research | Feudal Age |
| 11:59 | Research | Feudal Age |
| 12:07 | Build | Mining Camp |
| 12:33 | Build | Barracks |
| 12:57 | Build | Mill |
| 13:10 | Create | Villager (Male) |
| 13:11 | Create | Villager (Male) |
| 13:52 | Build | House |
| 13:54 | Build | House |
| 14:21 | Age | Feudal Age |
| 14:30 | Build | Market |
| 14:43 | Build | Archery Range |
| 15:13 | Create | Villager (Male) |
| 15:42 | Build | Archery Range |
| 16:01 | Research | Castle Age |
| 16:20 | Build | Mill |
| 16:34 | Research | Wheelbarrow |
| 16:56 | Research | Double-Bit Axe |
| 17:38 | Research | Horse Collar |
| 17:48 | Create | Villager (Male) |
| 17:49 | Create | Villager (Male) |
| 17:59 | Create | Archer |
| 17:59 | Create | Archer |
| 18:09 | Create | Archer |
| 18:26 | Create | Villager (Male) |
| 18:40 | Build | Blacksmith |
| 18:41 | Age | Castle Age |
| 18:47 | Create | Archer |
| 19:10 | Research | Bow Saw |
| 19:18 | Create | Villager (Male) |
| 19:24 | Research | Gold Mining |
| 19:31 | Create | Archer |
| 19:31 | Create | Archer |
| 19:44 | Create | Archer |
| 21:01 | Build | Town Center |
| 21:05 | Research | Fletching |
| 21:10 | Create | Archer |
| 21:31 | Research | Gold Shaft Mining |
| 21:35 | Research | Padded Archer Armor |
| 21:44 | Create | Villager (Male) |
| 21:44 | Create | Villager (Male) |
| 21:44 | Create | Villager (Male) |
| 21:45 | Create | Villager (Male) |
| 21:45 | Create | Villager (Male) |
| 21:51 | Research | Crossbowman (upgrade) |
| 22:05 | Create | Villager (Male) |
| 22:38 | Create | Villager (Male) |
| 22:39 | Create | Villager (Male) |
| 22:39 | Create | Villager (Male) |
| 22:50 | Create | Archer |
| 22:52 | Create | Archer |
| 22:52 | Create | Archer |
| 23:05 | Build | House |
| 23:07 | Build | House |
| 23:08 | Build | House |
| 23:09 | Build | House |
| 23:10 | Build | House |
| 23:11 | Build | House |
| 23:15 | Build | House |
| 23:20 | Create | Villager (Male) |
| 23:31 | Create | Villager (Male) |
| 23:32 | Create | Villager (Male) |
| 23:36 | Create | Archer |
| 23:57 | Create | Villager (Male) |
| 23:57 | Create | Villager (Male) |
| 23:58 | Create | Villager (Male) |
| 23:58 | Create | Villager (Male) |
| 23:58 | Create | Villager (Male) |
| 24:13 | Build | Mining Camp |
| 24:23 | Build | Mill |
| 24:37 | Build | Town Center |
| 24:48 | Research | Hand Cart |
| 24:55 | Create | Archer |
| 24:57 | Create | Archer |
| 25:19 | Create | Villager (Male) |
| 25:36 | Build | Farm |
| 25:36 | Build | Farm |
| 25:37 | Build | Farm |
| 25:37 | Build | Farm |
| 25:38 | Build | Farm |
| 25:39 | Build | Farm |
| 26:05 | Create | Villager (Male) |
| 26:05 | Create | Villager (Male) |
| 26:06 | Create | Villager (Male) |
| 26:06 | Create | Villager (Male) |
| 26:06 | Create | Villager (Male) |
| 26:20 | Create | Archer |
| 26:20 | Create | Archer |
| 26:21 | Create | Archer |
| 26:21 | Create | Archer |
| 26:51 | Build | House |
| 26:51 | Build | House |
| 26:54 | Build | House |
| 26:55 | Build | House |
| 26:57 | Build | House |
| 26:58 | Build | House |
| 27:00 | Build | House |
| 27:01 | Build | House |
| 27:09 | Create | Archer |
| 27:09 | Create | Archer |
| 27:10 | Create | Archer |
| 27:10 | Create | Archer |
| 27:14 | Create | Villager (Male) |
| 27:14 | Create | Villager (Male) |
| 27:15 | Create | Villager (Male) |
| 27:22 | Create | Villager (Male) ×4 |
| 27:23 | Create | Villager (Male) ×4 |
| 27:29 | Create | Archer |
| 27:29 | Create | Archer |
| 27:47 | Research | Town Watch |
| 28:03 | Build | Farm |
| 28:04 | Build | Farm |
| 28:04 | Build | Farm |
| 28:14 | Build | Farm |
| 28:15 | Build | Farm |
| 28:15 | Build | Farm |
| 28:20 | Research | Thumb Ring |
| 28:21 | Create | Archer |
| 28:21 | Create | Archer |
Build order — eber95.nc
First 150 of 287 actions detected
| 0:05 | Build | House |
| 0:08 | Build | House |
| 0:13 | Build | House |
| 1:09 | Build | Town Center |
| 3:24 | Create | Villager (Male) |
| 3:24 | Create | Villager (Male) |
| 3:25 | Create | Villager (Male) |
| 3:25 | Create | Villager (Male) |
| 4:34 | Create | Villager (Male) |
| 5:27 | Create | Villager (Male) |
| 5:28 | Create | Villager (Male) |
| 5:40 | Build | Lumber Camp |
| 5:44 | Create | Villager (Male) |
| 6:17 | Create | Villager (Male) |
| 6:20 | Research | Loom |
| 6:44 | Create | Villager (Male) |
| 7:07 | Create | Villager (Male) |
| 7:07 | Create | Villager (Male) |
| 7:34 | Create | Villager (Male) |
| 8:05 | Build | Dock |
| 8:21 | Create | Villager (Male) |
| 8:37 | Create | Villager (Male) |
| 8:43 | Create | Fishing Ship |
| 8:57 | Create | Villager (Male) |
| 8:57 | Create | Villager (Male) |
| 9:42 | Build | Mill |
| 9:43 | Create | Villager (Male) |
| 9:43 | Create | Villager (Male) |
| 9:56 | Create | Villager (Male) |
| 10:02 | Build | House |
| 10:29 | Create | Fishing Ship |
| 10:30 | Create | Fishing Ship |
| 10:30 | Create | Fishing Ship |
| 10:37 | Build | House |
| 10:40 | Create | Villager (Male) |
| 11:02 | Create | Villager (Male) |
| 11:10 | Build | Mining Camp |
| 11:46 | Create | Fishing Ship |
| 11:54 | Create | Villager (Male) |
| 11:54 | Create | Villager (Male) |
| 11:55 | Create | Villager (Male) |
| 12:43 | Create | Villager (Male) |
| 12:46 | Build | Mining Camp |
| 12:58 | Build | House |
| 13:07 | Create | Fishing Ship |
| 13:22 | Build | Barracks |
| 14:13 | Build | Farm |
| 14:40 | Research | Feudal Age |
| 15:04 | Build | Farm |
| 15:04 | Build | Farm |
| 15:04 | Build | Farm |
| 15:04 | Build | Farm |
| 15:05 | Build | Farm |
| 15:05 | Build | Farm |
| 15:08 | Build | Farm |
| 15:13 | Build | Farm |
| 16:18 | Create | Villager (Male) |
| 16:18 | Create | Villager (Male) |
| 16:18 | Create | Villager (Male) |
| 16:18 | Create | Villager (Male) |
| 16:19 | Create | Villager (Male) |
| 16:27 | Build | House |
| 16:29 | Build | House |
| 16:50 | Age | Feudal Age |
| 16:59 | Build | Market |
| 17:05 | Build | Fish Trap |
| 17:46 | Build | Blacksmith |
| 18:10 | Build | Fish Trap |
| 18:40 | Build | Fish Trap |
| 19:03 | Build | Fish Trap |
| 19:42 | Build | Fish Trap |
| 20:09 | Build | Fish Trap |
| 20:12 | Research | Castle Age |
| 20:46 | Create | Spearman |
| 20:53 | Research | Fletching |
| 21:26 | Create | Villager (Male) |
| 21:26 | Create | Villager (Male) |
| 21:34 | Build | Lumber Camp |
| 22:24 | Create | Villager (Male) |
| 22:24 | Create | Villager (Male) |
| 22:26 | Research | Double-Bit Axe |
| 22:33 | Research | Horse Collar |
| 22:52 | Age | Castle Age |
| 22:55 | Build | Krepost |
| 23:08 | Build | Krepost |
| 23:17 | Research | Bodkin Arrow |
| 23:21 | Create | Demolition Raft |
| 23:25 | Create | Fishing Ship |
| 23:49 | Build | Town Center |
| 24:09 | Create | Konnik |
| 24:10 | Create | Konnik |
| 24:10 | Create | Konnik |
| 24:10 | Create | Konnik |
| 24:24 | Create | Villager (Male) |
| 24:24 | Create | Villager (Male) |
| 24:29 | Build | Fish Trap |
| 24:43 | Create | Villager (Male) |
| 24:44 | Create | Villager (Male) |
| 25:06 | Research | Scale Barding Armor |
| 25:16 | Create | Villager (Male) |
| 25:33 | Build | Town Center |
| 25:37 | Create | Konnik |
| 25:39 | Create | Villager (Male) |
| 25:39 | Create | Villager (Male) |
| 25:44 | Build | Farm |
| 25:46 | Build | Farm |
| 25:51 | Build | Farm |
| 26:01 | Create | Konnik |
| 26:03 | Create | Villager (Male) |
| 26:16 | Create | Villager (Male) |
| 26:27 | Build | University |
| 26:50 | Build | Krepost |
| 27:14 | Research | Chain Barding Armor |
| 27:15 | Research | Forging |
| 27:22 | Create | Konnik |
| 27:22 | Create | Konnik |
| 27:23 | Create | Konnik |
| 27:23 | Create | Konnik |
| 27:30 | Build | Farm |
| 27:32 | Build | Farm |
| 27:33 | Create | Villager (Male) |
| 27:34 | Create | Villager (Male) |
| 27:52 | Create | Konnik |
| 28:03 | Create | Konnik |
| 28:03 | Create | Konnik |
| 28:13 | Create | Villager (Male) |
| 28:13 | Create | Villager (Male) |
| 28:18 | Build | Farm |
| 28:19 | Build | Farm |
| 28:28 | Create | Konnik |
| 28:40 | Build | Farm |
| 28:41 | Research | Heavy Plow |
| 28:47 | Create | Villager (Male) |
| 28:48 | Create | Villager (Male) |
| 29:13 | Create | Konnik |
| 29:13 | Create | Konnik |
| 29:13 | Create | Konnik |
| 29:19 | Create | Villager (Male) |
| 29:21 | Create | Trade Cart |
| 29:26 | Create | Villager (Male) |
| 30:10 | Create | Konnik |
| 30:10 | Create | Konnik |
| 30:12 | Create | Villager (Male) |
| 30:12 | Create | Villager (Male) |
| 30:12 | Create | Villager (Male) |
| 30:13 | Create | Villager (Male) |
| 30:23 | Create | Trade Cart |
| 30:24 | Create | Trade Cart |
| 30:29 | Create | Villager (Male) |
| 30:30 | Create | Villager (Male) |
Build order — Franghis Khan
First 150 of 261 actions detected
| 0:37 | Build | Town Center |
| 2:46 | Build | House |
| 2:48 | Build | House |
| 3:17 | Create | Villager (Male) |
| 3:18 | Create | Villager (Male) |
| 3:18 | Create | Villager (Male) |
| 3:19 | Create | Villager (Male) |
| 3:19 | Create | Villager (Male) |
| 5:01 | Create | Villager (Male) |
| 5:01 | Create | Villager (Male) |
| 5:57 | Create | Villager (Male) |
| 5:57 | Create | Villager (Male) |
| 5:58 | Create | Villager (Male) |
| 6:20 | Create | Villager (Male) |
| 8:15 | Create | Villager (Male) |
| 8:15 | Create | Villager (Male) |
| 8:49 | Build | House |
| 8:52 | Create | Villager (Male) |
| 8:53 | Create | Villager (Male) |
| 8:53 | Create | Villager (Male) |
| 10:19 | Create | Villager (Male) |
| 10:19 | Create | Villager (Male) |
| 11:20 | Build | Mill |
| 11:37 | Create | Villager (Male) |
| 11:38 | Create | Villager (Male) |
| 11:38 | Create | Villager (Male) |
| 11:39 | Create | Villager (Male) |
| 11:39 | Create | Villager (Male) |
| 11:40 | Create | Villager (Male) |
| 11:40 | Create | Villager (Male) |
| 12:09 | Build | House |
| 12:11 | Create | Villager (Male) |
| 12:12 | Create | Villager (Male) |
| 13:38 | Create | Villager (Male) |
| 14:46 | Build | Lumber Camp |
| 15:05 | Build | Farm |
| 15:07 | Build | Farm |
| 15:09 | Build | Farm |
| 15:20 | Research | Feudal Age |
| 15:32 | Build | Farm |
| 15:33 | Build | Farm |
| 15:34 | Build | Farm |
| 15:35 | Build | Farm |
| 16:39 | Build | House |
| 16:40 | Build | House |
| 16:50 | Build | Barracks |
| 17:08 | Create | Villager (Male) |
| 17:08 | Create | Villager (Male) |
| 17:11 | Research | Loom |
| 17:12 | Create | Villager (Male) |
| 17:12 | Create | Villager (Male) |
| 17:30 | Age | Feudal Age |
| 17:42 | Build | Mining Camp |
| 17:49 | Create | Villager (Male) |
| 18:46 | Build | Stable |
| 18:54 | Build | Mining Camp |
| 19:11 | Create | Villager (Male) |
| 19:12 | Create | Villager (Male) |
| 19:12 | Create | Villager (Male) |
| 19:12 | Create | Villager (Male) |
| 19:23 | Build | Stable |
| 19:28 | Create | Villager (Male) |
| 19:28 | Create | Villager (Male) |
| 20:02 | Research | Double-Bit Axe |
| 20:34 | Build | Blacksmith |
| 20:59 | Build | House |
| 21:00 | Build | House |
| 21:16 | Research | Gold Mining |
| 21:59 | Build | Stone Wall |
| 22:01 | Build | Stone Wall |
| 22:37 | Create | Villager (Male) |
| 22:37 | Create | Villager (Male) |
| 22:38 | Create | Villager (Male) |
| 22:41 | Research | Castle Age |
| 22:52 | Research | Forging |
| 22:53 | Research | Scale Barding Armor |
| 23:00 | Create | Scout Cavalry ×4 |
| 23:01 | Create | Scout Cavalry ×4 |
| 23:17 | Build | Farm |
| 23:17 | Build | Farm |
| 23:25 | Build | Farm |
| 23:33 | Build | Farm |
| 25:20 | Build | Stone Wall |
| 25:21 | Age | Castle Age |
| 25:24 | Build | Stone Wall |
| 25:31 | Research | Husbandry |
| 25:32 | Create | Knight ×5 |
| 25:32 | Create | Knight ×5 |
| 25:32 | Create | Knight |
| 26:19 | Build | Farm |
| 26:44 | Build | Mill |
| 28:45 | Create | Villager (Male) |
| 28:45 | Create | Villager (Male) |
| 28:45 | Create | Villager (Male) |
| 28:45 | Create | Villager (Male) |
| 28:46 | Create | Villager (Male) |
| 28:53 | Build | Town Center |
| 29:31 | Create | Knight ×5 |
| 30:46 | Build | Stone Wall |
| 30:51 | Build | Stone Wall |
| 30:54 | Create | Villager (Male) |
| 30:54 | Create | Villager (Male) |
| 30:54 | Create | Villager (Male) |
| 30:55 | Create | Villager (Male) |
| 31:00 | Build | House |
| 31:04 | Build | House |
| 31:10 | Build | House |
| 31:10 | Build | House |
| 31:12 | Build | House |
| 31:14 | Build | House |
| 31:15 | Build | House |
| 31:16 | Build | House |
| 32:07 | Research | Iron Casting |
| 32:07 | Research | Chain Barding Armor |
| 32:39 | Create | Villager (Male) |
| 32:40 | Create | Villager (Male) |
| 32:40 | Create | Villager (Male) |
| 32:40 | Create | Villager (Male) |
| 32:41 | Create | Villager (Male) |
| 32:41 | Create | Villager (Male) |
| 32:44 | Build | Mining Camp |
| 32:56 | Create | Villager (Male) |
| 32:57 | Create | Villager (Male) |
| 32:57 | Create | Villager (Male) |
| 32:57 | Create | Villager (Male) |
| 32:57 | Create | Villager (Male) |
| 32:58 | Create | Villager (Male) |
| 33:04 | Create | Villager (Male) |
| 33:10 | Build | Farm |
| 33:10 | Build | Farm |
| 33:10 | Build | Farm |
| 33:10 | Build | Farm |
| 33:56 | Build | Castle |
| 34:11 | Create | Knight ×5 |
| 34:12 | Create | Knight ×2 |
| 34:12 | Create | Knight ×2 |
| 34:34 | Build | Farm |
| 34:34 | Build | Farm |
| 34:34 | Build | Farm |
| 34:34 | Build | Farm |
| 34:35 | Build | Farm |
| 34:35 | Build | Farm |
| 34:44 | Build | Farm |
| 34:46 | Create | Villager (Male) |
| 34:47 | Create | Villager (Male) |
| 35:02 | Create | Villager (Male) |
| 35:02 | Create | Villager (Male) |
| 35:03 | Create | Villager (Male) |
| 35:04 | Create | Villager (Male) |
| 35:18 | Build | Stable |
Build order — juliangviccon
First 150 of 169 actions detected
| 0:15 | Build | House |
| 1:59 | Build | Town Center |
| 4:08 | Build | Lumber Camp |
| 4:16 | Create | Villager (Male) |
| 4:16 | Create | Villager (Male) |
| 4:17 | Create | Villager (Male) |
| 4:17 | Create | Villager (Male) |
| 4:17 | Create | Villager (Male) |
| 4:51 | Research | Loom |
| 5:42 | Create | Villager (Male) |
| 6:04 | Build | House |
| 6:12 | Create | Villager (Male) |
| 6:13 | Create | Villager (Male) |
| 6:33 | Create | Villager (Male) |
| 6:59 | Create | Villager (Male) |
| 6:59 | Create | Villager (Male) |
| 7:22 | Create | Villager (Male) |
| 9:14 | Build | House |
| 9:17 | Create | Villager (Male) |
| 9:18 | Create | Villager (Male) |
| 9:58 | Build | Mill |
| 10:04 | Create | Villager (Male) |
| 10:17 | Build | Mining Camp |
| 10:48 | Create | Villager (Male) |
| 10:49 | Create | Villager (Male) |
| 10:49 | Create | Villager (Male) |
| 11:19 | Build | Farm |
| 12:10 | Create | Villager (Male) |
| 12:24 | Create | Villager (Male) |
| 12:43 | Build | Barracks |
| 12:53 | Create | Villager (Male) |
| 13:16 | Create | Villager (Male) |
| 13:34 | Build | House |
| 13:50 | Create | Villager (Male) |
| 14:12 | Build | Farm |
| 14:39 | Build | House |
| 15:10 | Build | Farm |
| 15:16 | Research | Feudal Age |
| 15:58 | Create | Villager (Male) |
| 16:11 | Create | Militia |
| 16:12 | Create | Militia |
| 17:17 | Create | Villager (Male) |
| 17:26 | Age | Feudal Age |
| 17:31 | Research | Wheelbarrow |
| 17:45 | Create | Militia |
| 18:27 | Build | Mining Camp |
| 18:36 | Build | Market |
| 18:42 | Create | Villager (Male) |
| 18:57 | Build | House |
| 19:00 | Create | Villager (Male) |
| 19:04 | Research | Man-at-Arms (upgrade) |
| 19:05 | Create | Militia |
| 19:20 | Research | Double-Bit Axe |
| 19:57 | Build | House |
| 20:06 | Create | Villager (Male) |
| 20:17 | Build | Blacksmith |
| 20:37 | Create | Trade Cart |
| 20:38 | Create | Trade Cart |
| 21:33 | Build | House |
| 21:37 | Create | Villager (Male) |
| 21:46 | Create | Militia |
| 22:26 | Build | Archery Range |
| 22:35 | Create | Villager (Male) |
| 22:41 | Build | House |
| 23:14 | Build | Stone Wall |
| 23:22 | Build | Stone Wall |
| 23:56 | Create | Villager (Male) |
| 23:57 | Create | Villager (Male) |
| 25:04 | Build | Stone Wall |
| 25:53 | Create | Spearman |
| 25:53 | Create | Spearman |
| 25:53 | Create | Spearman |
| 25:54 | Create | Spearman |
| 25:54 | Create | Spearman |
| 26:03 | Create | Trade Cart |
| 26:03 | Create | Trade Cart |
| 26:20 | Build | Stone Wall |
| 26:38 | Build | Farm |
| 26:48 | Create | Villager (Male) |
| 26:48 | Create | Villager (Male) |
| 26:48 | Create | Villager (Male) |
| 26:53 | Create | Skirmisher |
| 26:54 | Create | Skirmisher |
| 26:54 | Create | Skirmisher |
| 27:23 | Create | Spearman |
| 27:23 | Create | Spearman |
| 27:23 | Create | Spearman |
| 28:25 | Create | Archer |
| 28:26 | Create | Archer |
| 28:26 | Create | Skirmisher |
| 28:29 | Create | Spearman |
| 28:29 | Create | Spearman |
| 28:31 | Create | Militia |
| 28:32 | Create | Militia |
| 28:59 | Create | Militia |
| 29:00 | Create | Militia |
| 29:21 | Create | Spearman |
| 29:21 | Create | Spearman |
| 29:25 | Create | Skirmisher |
| 29:38 | Build | Stone Wall |
| 29:57 | Build | Stone Wall |
| 30:06 | Create | Villager (Male) |
| 30:06 | Create | Villager (Male) |
| 30:34 | Build | Stone Wall |
| 31:28 | Build | Stone Wall |
| 31:39 | Create | Villager (Male) |
| 31:39 | Create | Villager (Male) |
| 32:10 | Build | Stone Wall |
| 32:36 | Build | Stone Wall |
| 32:51 | Create | Trade Cart |
| 32:51 | Create | Trade Cart |
| 32:57 | Create | Militia |
| 32:59 | Create | Archer |
| 33:00 | Create | Archer |
| 33:00 | Create | Archer |
| 33:00 | Create | Archer |
| 33:16 | Build | Stone Wall |
| 33:25 | Create | Villager (Male) |
| 33:26 | Create | Villager (Male) |
| 33:26 | Create | Villager (Male) |
| 33:26 | Create | Villager (Male) |
| 34:02 | Build | Stone Wall |
| 34:24 | Build | Stone Wall |
| 34:37 | Build | Farm |
| 34:38 | Build | Farm |
| 35:31 | Build | Farm |
| 35:42 | Build | Stone Wall |
| 35:56 | Create | Villager (Male) |
| 35:56 | Create | Villager (Male) |
| 35:57 | Create | Villager (Male) |
| 35:57 | Create | Villager (Male) |
| 35:57 | Create | Villager (Male) |
| 35:57 | Create | Villager (Male) |
| 36:06 | Create | Trade Cart |
| 36:06 | Create | Trade Cart |
| 36:06 | Create | Trade Cart |
| 36:52 | Build | Stone Wall |
| 37:14 | Research | Castle Age |
| 37:15 | Create | Villager (Male) |
| 37:15 | Create | Villager (Male) |
| 38:34 | Build | Stone Wall |
| 39:00 | Create | Villager (Male) |
| 39:00 | Create | Villager (Male) |
| 39:33 | Create | Villager (Male) |
| 39:33 | Create | Villager (Male) |
| 39:33 | Create | Villager (Male) |
| 39:34 | Create | Villager (Male) |
| 39:59 | Create | Militia |
| 39:59 | Create | Militia |
| 39:59 | Create | Militia |
Build order — Chakal09
15 actions detected in the replay
| 3:08 | Build | Town Center |
| 5:21 | Create | Villager (Male) |
| 5:21 | Create | Villager (Male) |
| 5:21 | Create | Villager (Male) |
| 5:22 | Create | Villager (Male) |
| 5:22 | Create | Villager (Male) |
| 5:22 | Create | Villager (Male) |
| 5:52 | Build | House |
| 6:20 | Build | House |
| 6:32 | Build | House |
| 6:35 | Build | House |
| 7:17 | Create | Villager (Male) |
| 7:40 | Create | Villager (Male) |
| 8:08 | Create | Villager (Male) |
| 8:09 | Create | Villager (Male) |
Build order — elvason12
First 150 of 246 actions detected
| 1:35 | Build | Town Center |
| 4:02 | Build | House |
| 4:05 | Build | House |
| 4:31 | Create | Villager (Male) |
| 4:33 | Create | Villager (Male) |
| 4:33 | Create | Villager (Male) |
| 4:34 | Create | Villager (Male) |
| 5:32 | Create | Villager (Male) |
| 6:18 | Create | Villager (Male) |
| 6:31 | Create | Villager (Male) |
| 7:05 | Create | Villager (Male) |
| 7:17 | Create | Villager (Male) |
| 8:06 | Build | Barracks |
| 8:08 | Build | House |
| 8:26 | Create | Villager (Male) |
| 9:02 | Create | Villager (Male) |
| 9:05 | Create | Villager (Male) |
| 9:10 | Create | Villager (Male) |
| 9:16 | Create | Villager (Male) |
| 9:26 | Create | Villager (Male) |
| 9:41 | Create | Villager (Male) |
| 9:45 | Create | Villager (Male) |
| 9:57 | Build | House |
| 10:17 | Research | Loom |
| 10:18 | Create | Villager (Male) |
| 10:18 | Create | Villager (Male) |
| 10:18 | Create | Villager (Male) |
| 10:19 | Create | Villager (Male) |
| 11:00 | Create | Villager (Male) |
| 11:33 | Build | Mill |
| 11:47 | Create | Villager (Male) |
| 12:05 | Create | Villager (Male) |
| 12:25 | Create | Villager (Male) |
| 12:44 | Build | Lumber Camp |
| 12:46 | Create | Villager (Male) |
| 13:03 | Build | House |
| 13:05 | Create | Villager (Male) |
| 13:24 | Build | Barracks |
| 13:33 | Research | Feudal Age |
| 13:41 | Create | Villager (Male) |
| 14:03 | Build | Mill |
| 14:05 | Create | Villager (Male) |
| 14:23 | Create | Villager (Male) |
| 14:56 | Create | Villager (Male) |
| 15:04 | Create | Villager (Male) |
| 15:10 | Create | Villager (Male) |
| 15:40 | Create | Villager (Male) |
| 15:43 | Age | Feudal Age |
| 15:54 | Create | Villager (Male) |
| 16:02 | Build | Stable |
| 16:05 | Create | Villager (Male) |
| 16:40 | Create | Villager (Male) |
| 16:56 | Research | Double-Bit Axe |
| 16:59 | Create | Scout Cavalry |
| 17:00 | Create | Scout Cavalry |
| 17:00 | Create | Scout Cavalry |
| 17:00 | Create | Scout Cavalry |
| 17:05 | Create | Scout Cavalry |
| 17:06 | Create | Villager (Male) |
| 17:16 | Build | House |
| 17:18 | Build | House |
| 17:20 | Build | House |
| 17:22 | Build | House |
| 17:31 | Create | Villager (Male) |
| 17:43 | Create | Villager (Male) |
| 17:47 | Create | Villager (Male) |
| 17:57 | Build | Mill |
| 18:22 | Build | House |
| 18:24 | Build | House |
| 18:26 | Build | House |
| 18:28 | Build | House |
| 18:34 | Create | Villager (Male) |
| 18:35 | Create | Scout Cavalry |
| 18:36 | Create | Scout Cavalry |
| 18:58 | Create | Villager (Male) |
| 19:18 | Build | Blacksmith |
| 19:55 | Build | Market |
| 19:58 | Research | Castle Age |
| 20:12 | Create | Villager (Male) |
| 20:36 | Create | Villager (Male) |
| 21:38 | Create | Villager (Male) |
| 21:52 | Research | Bloodlines |
| 21:55 | Research | Forging |
| 21:55 | Research | Scale Barding Armor |
| 22:11 | Build | Stable |
| 22:29 | Create | Villager (Male) |
| 22:38 | Age | Castle Age |
| 22:55 | Build | Town Center |
| 22:57 | Create | Villager (Male) |
| 23:33 | Create | Villager (Male) |
| 23:37 | Create | Steppe Lancer ×5 |
| 23:48 | Create | Villager (Male) |
| 24:17 | Create | Villager (Male) |
| 24:25 | Build | Farm |
| 24:25 | Build | Farm |
| 24:25 | Build | Farm |
| 24:26 | Build | Farm |
| 24:26 | Build | Farm |
| 24:26 | Build | Farm |
| 24:27 | Build | Farm |
| 24:27 | Build | Farm |
| 24:27 | Build | Farm |
| 24:51 | Research | Husbandry |
| 25:36 | Create | Steppe Lancer |
| 25:36 | Create | Steppe Lancer |
| 25:37 | Create | Villager (Male) |
| 25:43 | Build | Farm |
| 25:43 | Build | Farm |
| 25:44 | Build | Farm |
| 25:44 | Build | Farm |
| 25:44 | Build | Farm |
| 25:44 | Build | Farm |
| 25:57 | Create | Villager (Male) |
| 26:04 | Create | Villager (Male) |
| 26:15 | Create | Villager (Male) |
| 26:19 | Create | Villager (Male) |
| 26:40 | Create | Villager (Male) |
| 26:51 | Create | Villager (Male) |
| 26:52 | Create | Villager (Male) |
| 27:27 | Create | Villager (Male) |
| 27:28 | Create | Villager (Male) |
| 27:29 | Create | Villager (Male) |
| 27:29 | Create | Villager (Male) |
| 28:04 | Build | Farm |
| 28:04 | Build | Farm |
| 28:05 | Build | Farm |
| 28:05 | Build | Farm |
| 28:05 | Build | Farm |
| 28:52 | Create | Steppe Lancer ×4 |
| 28:52 | Create | Steppe Lancer ×4 |
| 29:13 | Create | Villager (Male) |
| 29:14 | Create | Villager (Male) |
| 29:42 | Create | Villager (Male) |
| 30:00 | Create | Steppe Lancer |
| 30:01 | Create | Steppe Lancer |
| 30:03 | Create | Villager (Male) |
| 30:08 | Build | House |
| 30:15 | Create | Villager (Male) |
| 30:30 | Build | House |
| 30:31 | Build | House |
| 30:31 | Build | House |
| 30:31 | Build | House |
| 30:31 | Build | House |
| 30:40 | Build | Lumber Camp |
| 30:50 | Create | Villager (Male) |
| 31:28 | Research | Iron Casting |
| 31:58 | Create | Camel Scout |
| 31:59 | Create | Camel Scout |
| 31:59 | Create | Camel Scout |
| 31:59 | Create | Camel Scout |
Match timeline
| 8:05 | eber95.nc · first_building Dock |
| 8:06 | elvason12 · first_building Barracks |
| 11:20 | Chakal09 · resign |
| 12:33 | chaos02 · first_building Barracks |
| 12:43 | juliangviccon · first_building Barracks |
| 12:55 | notorious_cookie · first_building Barracks |
| 13:09 | JamesBoxbox · first_building Barracks |
| 13:22 | eber95.nc · first_building Barracks |
| 14:21 | chaos02 · age_up feudal |
| 14:43 | chaos02 · first_building Archery Range |
| 15:43 | elvason12 · age_up feudal |
| 15:58 | JamesBoxbox · age_up feudal |
| 16:01 | JamesBoxbox · first_building Stable |
| 16:02 | elvason12 · first_building Stable |
| 16:50 | eber95.nc · age_up feudal |
| 16:50 | Franghis Khan · first_building Barracks |
| 17:26 | juliangviccon · age_up feudal |
| 17:30 | Franghis Khan · age_up feudal |
| 18:31 | notorious_cookie · age_up feudal |
| 18:33 | JamesBoxbox · wall_segment Palisade Wall x10 |
| 18:41 | chaos02 · age_up castle |
| 18:46 | Franghis Khan · first_building Stable |
| 21:59 | Franghis Khan · wall_segment Stone Wall x9 |
| 22:01 | Franghis Khan · wall_segment Stone Wall x1 |
| 22:26 | juliangviccon · first_building Archery Range |
| 22:38 | elvason12 · age_up castle |
| 22:52 | eber95.nc · age_up castle |
| 22:55 | eber95.nc · first_building Krepost |
| 23:14 | juliangviccon · wall_segment Stone Wall x17 |
| 23:22 | juliangviccon · wall_segment Stone Wall x6 |
| 23:27 | JamesBoxbox · first_market_sell 100 stone |
| 25:04 | juliangviccon · wall_segment Stone Wall x32 |
| 25:20 | Franghis Khan · wall_segment Stone Wall x14 |
| 25:21 | Franghis Khan · age_up castle |
| 25:24 | Franghis Khan · wall_segment Stone Wall x11 |
| 26:20 | juliangviccon · wall_segment Stone Wall x10 |
| 27:51 | JamesBoxbox · age_up castle |
| 27:54 | notorious_cookie · wall_segment Stone Wall x24 |
| 29:10 | chaos02 · first_building Monastery |
| 29:38 | juliangviccon · wall_segment Stone Wall x25 |
| 29:57 | juliangviccon · wall_segment Stone Wall x14 |
| 30:02 | JamesBoxbox · first_building Castle |
| 30:12 | notorious_cookie · wall_segment Stone Wall x3 |
| 30:28 | notorious_cookie · wall_segment Stone Wall x9 |
| 30:34 | juliangviccon · wall_segment Stone Wall x25 |
| 30:46 | Franghis Khan · wall_segment Stone Wall x12 |
| 30:51 | Franghis Khan · wall_segment Stone Wall x16 |
| 30:51 | chaos02 · first_building Siege Workshop |
| 30:57 | eber95.nc · first_building Monastery |
| 31:28 | juliangviccon · wall_segment Stone Wall x20 |
| 32:06 | elvason12 · first_building Castle |
| 32:10 | juliangviccon · wall_segment Stone Wall x7 |
| 32:36 | juliangviccon · wall_segment Stone Wall x18 |
| 33:04 | eber95.nc · first_building Castle |
| 33:16 | juliangviccon · wall_segment Stone Wall x13 |
| 33:46 | notorious_cookie · wall_segment Palisade Wall x8 |
| 33:56 | Franghis Khan · first_building Castle |
| 34:02 | juliangviccon · wall_segment Stone Wall x13 |
| 34:24 | juliangviccon · wall_segment Stone Wall x13 |
| 35:11 | notorious_cookie · first_building Archery Range |
| 35:35 | elvason12 · first_building Monastery |
| 35:42 | juliangviccon · wall_segment Stone Wall x10 |
| 35:59 | JamesBoxbox · first_building Monastery |
| 35:59 | Franghis Khan · wall_segment Stone Wall x31 |
| 36:04 | elvason12 · first_market_sell 100 food |
| 36:09 | eber95.nc · first_market_sell 500 wood |
| 36:19 | juliangviccon · first_market_buy 100 food |
| 36:52 | juliangviccon · wall_segment Stone Wall x6 |
| 38:00 | Franghis Khan · wall_segment Stone Wall x11 |
| 38:04 | Franghis Khan · wall_segment Stone Wall x8 |
| 38:34 | juliangviccon · wall_segment Stone Wall x1 |
| 39:26 | eber95.nc · age_up imperial |
| 39:30 | chaos02 · age_up imperial |
| 40:13 | notorious_cookie · age_up castle |
| 40:23 | juliangviccon · wall_segment Stone Wall x2 |
| 40:26 | eber95.nc · first_building Stable |
| 41:06 | juliangviccon · age_up castle |
| 41:15 | elvason12 · age_up imperial |
| 41:35 | eber95.nc · first_building Archery Range |
| 42:14 | JamesBoxbox · first_market_buy 100 wood |
| 43:05 | Franghis Khan · age_up imperial |
| 43:06 | chaos02 · first_building Castle |
| 43:11 | juliangviccon · first_building Castle |
| 43:50 | JamesBoxbox · age_up imperial |
| 44:20 | notorious_cookie · wall_segment Stone Wall x1 |
| 44:31 | Franghis Khan · wall_segment Stone Wall x10 |
| 44:34 | Franghis Khan · wall_segment Stone Wall x7 |
[ AI ANALYSIS · 1 CREDIT ]
What really happened in this match?
Wolo.gg analyzes every decision: build order, eco, micro, common mistakes by bracket. Personalized analysis on WhatsApp or Discord in 30 seconds.
Civ guide
Koreans
Perfil
Jugador #865620